Map: Simulacrum LE

Players

DPGPartinG (PartinG) - Winner!

  • Race: Protoss Protoss
  • League: Grandmaster
  • Spawn Location: 5:00

True

  • Race: Zerg Zerg
  • League: Grandmaster
  • Spawn Location: 11:00

VOD

Have the link to the VOD?

Description

Time

  • Played on: Jan. 8, 2020, 5:44 a.m.
  • Length: 13:40
Show
View Real Time Build Order
Export as new Build Order

DPGPartinG Protoss - Winner!

Build Orders: 1 Gate Expand 

Get SALT Encoding   

  12  0:00  Probe  
  13  0:12  Probe  
  14  0:19  Pylon  
  14  0:25  Probe (Chrono Boost)  
  15  0:37  Probe (Chrono Boost)  
  15  0:38  Gateway  
  16  0:46  Probe (Chrono Boost), Assimilator  
  17  0:51  Probe  
  18  1:03  Probe  
  19  1:16  Probe  
  20  1:25  Nexus  
  20  1:35  Cybernetics Core  
  20  1:36  Probe  
  21  1:44  Pylon  
  21  1:50  Zealot (Chrono Boost)  
  23  2:00  Gateway  
  23  2:03  Probe  
  24  2:10  Adept (Chrono Boost)  
  26  2:17  Warp Gate  
  26  2:22  Assimilator  
  26  2:23  Probe  
  27  2:31  Adept (Chrono Boost)  
  27  2:35  Probe  
  30  2:42  Probe  
  31  2:47  Probe  
  34  2:54  Probe, Adept (Chrono Boost)  
  34  2:55  Adept (Chrono Boost)  
  37  2:59  Probe  
  38  3:07  Probe  
  38  3:09  Robotics Facility  
  39  3:15  Probe  
  39  3:19  Probe  
  41  3:23  Pylon  
  41  3:27  Gateway  
  41  3:32  Probe (Chrono Boost)  
  41  3:33  Probe (Chrono Boost)  
  43  3:43  Probe (Chrono Boost)  
  43  3:46  Probe (Chrono Boost)  
  45  3:48  Probe (Chrono Boost)  
  45  3:50  Twilight Council  
  45  3:54  Probe  
  47  3:55  Warp Prism (Chrono Boost)  
  50  4:02  Probe  
  50  4:06  Probe  
  51  4:11  Assimilator  
  51  4:13  Pylon  
  51  4:14  Stalker  
  53  4:17  Pylon  
  53  4:18  Probe  
  54  4:31  Probe, Resonating Glaives (Chrono Boost)  
  55  4:36  Sentry x2  
  55  4:37  Sentry  
  55  4:38  Probe  
  62  4:43  Probe  
  63  4:50  Probe  
  64  4:55  Probe  
  65  5:00  Nexus  
  65  5:01  Pylon  
  65  5:02  Pylon  
  65  5:04  Adept x2  
  69  5:11  Pylon  
  69  5:12  Probe, Forge  
  70  5:14  Assimilator  
  70  5:19  Adept  
  72  5:21  Shield Battery  
  72  5:25  Probe x2  
  74  5:30  Adept x2  
  78  5:37  Probe x2, Pylon  
  78  5:40  Adept  
  82  5:44  Protoss Ground Weapons Level 1 (Chrono Boost)  
  82  5:46  Blink (Chrono Boost)  
  82  5:51  Robotics Bay, Observer  
  83  5:57  Probe x2  
  85  6:07  Adept  
  85  6:08  Adept  
  85  6:09  Probe x2  
  85  6:11  Adept  
  93  6:25  Immortal (Chrono Boost)  
  87  6:32  Sentry x2  
  87  6:34  Stalker  
  87  6:38  Probe x3  
  87  6:39  Pylon  
  96  6:42  Photon Cannon  
  88  6:50  Probe x2  
  88  6:51  Assimilator  
  88  6:52  Assimilator  
  90  6:56  Warp Prism (Chrono Boost)  
  86  7:08  Stalker x3  
  86  7:14  Gateway  
  86  7:15  Disruptor (Chrono Boost)  
  88  7:17  Gateway x2  
  88  7:19  Probe x3  
  88  7:22  Photon Cannon  
  94  7:31  Probe x3  
  94  7:33  Sentry  
  94  7:34  Stalker x2  
  103  7:37  Protoss Ground Weapons Level 2 (Chrono Boost)  
  103  7:40  Gateway  
  103  7:46  Gateway  
  103  7:48  Pylon  
  103  7:53  Colossus (Chrono Boost)  
  103  7:57  Observer  
  109  8:04  Stalker x3  
  115  8:14  Stalker x3  
  121  8:23  Pylon  
  121  8:27  Stalker  
  121  8:28  Stalker  
  125  8:41  Pylon  
  125  8:42  Stalker x3  
  125  8:43  Pylon, Stalker  
  125  8:44  Pylon  
  130  9:03  Colossus (Chrono Boost)  
  109  9:11  Stalker x8  
  113  9:30  Nexus  
  113  9:31  Photon Cannon  
  113  9:32  Photon Cannon  
  113  9:34  Stalker  
  113  9:35  Stalker  
  113  9:38  Sentry x5  
  125  9:44  Stalker  
  129  9:55  Extended Thermal Lance (Chrono Boost)  
  129  9:57  Pylon  
  129  9:58  Shield Battery  
  129  9:59  Stalker x2  
  133  10:00  Shield Battery  
  133  10:06  Colossus (Chrono Boost)  
  133  10:22  Protoss Ground Armor Level 1 (Chrono Boost), Stalker x4  
  139  10:31  Probe x3  
  142  10:39  Stalker x2  
  142  10:40  Stalker x2  
  150  10:43  Probe  
  150  10:47  Assimilator  
  150  10:48  Probe x3, Assimilator  
  154  10:58  Zealot x2  
  154  10:59  Zealot x2  
  162  11:07  Stalker x4  
  147  11:19  Probe  
  147  11:20  Probe x2  
  140  11:26  Stalker x4  
  140  11:30  Stalker x2  
  152  11:36  Stalker x2  
  152  11:46  Probe x2  
  154  11:47  Probe  
  154  11:53  Stalker x4  
  163  11:58  Probe  
  163  12:00  Stalker x2  
  168  12:09  Stalker x2  
  172  12:18  Stalker x3  
  166  12:22  Stalker  
  166  12:23  Zealot x2  
  166  12:27  Shield Battery  
  170  12:32  Zealot  
  164  12:37  Cybernetics Core  
  157  12:44  Photon Cannon  
  157  12:45  Photon Cannon  
  138  13:06  Zealot  
  130  13:17  Zealot  
  130  13:18  Stalker x3  
  124  13:21  Stalker  
  122  13:30  Pylon  
  117  13:35  Stalker  
Show
View Real Time Build Order
Export as new Build Order

True Zerg 

Build Orders: Pool First 

Get SALT Encoding   

  12  0:00  Drone  
  13  0:12  Overlord  
  13  0:17  Drone  
  14  0:31  Drone x2  
  16  0:40  Spawning Pool  
  15  0:44  Drone  
  15  0:49  Drone  
  17  1:10  Hatchery  
  16  1:16  Drone  
  17  1:28  Zergling x6  
  20  1:33  Queen  
  20  1:34  Extractor  
  20  1:39  Overlord  
  21  1:51  Drone  
  22  2:01  Drone  
  23  2:12  Drone, Queen  
  26  2:23  Drone x2  
  28  2:42  Drone x2  
  28  2:43  Drone x3  
  32  2:44  Drone  
  32  2:47  Drone  
  32  2:49  Queen  
  36  2:56  Metabolic Boost  
  35  2:59  Overlord  
  34  3:14  Zergling x2  
  34  3:16  Queen  
  34  3:17  Zergling x2  
  34  3:18  Zergling x6  
  41  3:25  Queen  
  41  3:26  Zergling x2  
  44  3:39  Hatchery  
  43  3:45  Zergling x2, Overlord  
  44  3:56  Overlord  
  44  3:59  Overlord  
  44  4:02  Overlord  
  44  4:08  Zergling x4  
  46  4:10  Drone x5  
  46  4:13  Drone  
  53  4:17  Drone  
  53  4:21  Drone  
  54  4:24  Extractor  
  54  4:27  Drone  
  53  4:31  Drone  
  53  4:32  Drone  
  53  4:33  Drone x2  
  53  4:38  Drone x2  
  58  4:39  Drone, Roach Warren  
  58  4:41  Drone  
  58  4:44  Drone  
  60  4:48  Extractor  
  60  4:49  Overlord  
  60  4:51  Overlord  
  58  5:03  Overlord x2  
  58  5:14  Lair  
  58  5:19  Drone x8  
  66  5:25  Roach x3  
  66  5:27  Roach  
  76  5:28  Roach  
  76  5:31  Roach  
  76  5:34  Drone  
  76  5:35  Drone x2  
  80  5:40  Drone x3  
  80  5:41  Drone  
  85  5:44  Spore Crawler  
  85  5:46  Spore Crawler  
  83  5:53  Drone x5  
  83  5:54  Drone  
  89  5:58  Drone x2  
  89  5:59  Drone  
  89  6:03  Extractor, Roach  
  93  6:06  Roach  
  93  6:08  Roach  
  93  6:10  Overlord  
  97  6:12  Overlord  
  97  6:14  Glial Reconstitution  
  97  6:17  Overlord  
  94  6:20  Roach  
  94  6:21  Roach  
  94  6:24  Roach  
  89  6:27  Roach  
  89  6:31  Roach  
  87  6:34  Roach  
  87  6:38  Roach  
  90  6:50  Overseer  
  90  6:57  Drone  
  90  6:58  Drone x5  
  93  7:02  Drone x2  
  93  7:04  Drone  
  93  7:05  Drone  
  93  7:07  Drone  
  97  7:09  Pneumatized Carapace  
  97  7:17  Drone  
  97  7:22  Drone x3  
  101  7:25  Extractor  
  101  7:26  Extractor  
  101  7:28  Roach  
  101  7:29  Roach x5  
  111  7:31  Roach  
  111  7:33  Roach  
  115  7:41  Spire  
  115  7:43  Overlord  
  114  7:48  Overseer  
  114  7:52  Overlord  
  114  8:00  Overlord  
  114  8:03  Zergling x16  
  114  8:04  Overlord x3  
  122  8:22  Hatchery  
  121  8:28  Zergling x24  
  121  8:30  Ravager  
  121  8:31  Ravager x4  
  121  8:33  Zergling x2  
  139  8:36  Overlord  
  139  8:37  Zergling x2  
  127  8:44  Ravager x7  
  127  8:45  Zergling x4  
  127  8:46  Zergling x6  
  139  8:48  Zergling x4  
  139  8:50  Zergling x2  
  139  8:51  Zergling x2  
  139  8:53  Zergling x2  
  143  8:56  Zergling x4  
  143  9:01  Zergling x4  
  143  9:02  Zergling x2  
  125  9:05  Zergling x2  
  114  9:10  Zergling x2  
  107  9:23  Ravager x5  
  110  9:26  Zergling x12  
  110  9:27  Zergling x6  
  110  9:29  Zergling x2  
  118  9:36  Zergling x4  
  118  9:37  Zergling x2  
  120  9:40  Zergling x4  
  120  9:43  Zergling x2  
  120  9:44  Zergling x2  
  120  9:45  Zergling x8  
  127  9:47  Zergling x2  
  127  9:48  Zergling x2  
  127  9:49  Zergling x2  
  127  9:50  Zergling x2  
  132  9:55  Zergling x4  
  132  9:57  Zergling x2  
  135  10:00  Zergling x2  
  135  10:04  Zergling x2  
  130  10:14  Mutalisk x3  
  130  10:15  Mutalisk x6  
  130  10:18  Mutalisk  
  130  10:20  Mutalisk  
  144  10:25  Mutalisk  
  143  10:32  Zerg Flyer Weapons Level 1  
  143  10:36  Drone  
  143  10:37  Drone x6  
  143  10:42  Mutalisk  
  152  10:45  Mutalisk  
  152  10:49  Zergling x2  
  155  10:50  Zergling x4, Extractor  
  155  10:52  Extractor  
  155  10:53  Mutalisk  
  157  10:57  Mutalisk  
  157  11:02  Mutalisk  
  156  11:07  Mutalisk  
  156  11:09  Zergling x8  
  158  11:16  Mutalisk  
  144  11:21  Mutalisk  
  116  11:26  Mutalisk  
  116  11:30  Zergling x2  
  116  11:31  Zergling x18  
  127  11:36  Mutalisk  
  127  11:37  Mutalisk  
  129  11:41  Mutalisk  
  129  11:45  Mutalisk  
  129  11:48  Zergling x2  
  129  11:49  Zergling x4  
  129  11:53  Mutalisk  
  134  11:56  Mutalisk  
  136  12:01  Mutalisk  
  136  12:03  Zergling x4  
  136  12:05  Mutalisk  
  140  12:10  Mutalisk  
  140  12:13  Mutalisk  
  142  12:18  Mutalisk  
  138  12:23  Zergling x6  
  138  12:24  Mutalisk  
  131  12:31  Mutalisk  
  121  12:38  Mutalisk  
  121  12:39  Zergling x2  
  121  12:40  Zergling x8  
  123  12:45  Mutalisk  
  125  12:55  Mutalisk  
  125  12:57  Mutalisk  
  97  13:08  Mutalisk  
Tags
 
Add a new tag
Caveats
  • Supply blocks, unpowered buildings, or Contaminate may cause inaccurate times.
  • Supply counts are checked every 10 seconds.